 Dungeon Crawl Stone Soup version 0.21-a0-19-g210df22 (webtiles) character file.

756 Egregious the Slicer (level 8, -2/44 HPs)
             Began as a Kobold Hunter on May 24, 2017.
             Slain by an ogre
             ... wielding a +0 giant club
              (14 damage)
             ... on level 4 of the Dungeon.
             The game lasted 00:21:45 (4606 turns).

Egregious the Slicer (Kobold Hunter)                Turns: 4606, Time: 00:21:46

Health: -2/44      AC:  4    Str:  9    XL:     8   Next: 7%
Magic:  8/8        EV: 15    Int: 12    God:
Gold:   125        SH:  0    Dex: 18    Spells: 7/7 levels left

rFire    . . .     SeeInvis .   h - +2 dagger (flame)
rCold    . . .     Gourm    .   (shield restricted)
rNeg     . . .     Faith    .   c - +1 leather armour
rPois    .         Spirit   .   (no helmet)
rElec    .         Reflect  .   (no cloak)
rCorr    .         Harm     .   (no gloves)
MR       .....                  (no boots)
Stlth    +++.......             (no amulet)
Regen    0.2/turn               (no ring)
MPRegen  0.2/turn               (no ring)

@: no status effects
A: carnivore 3
a: no special abilities


You were on level 4 of the Dungeon.
You were completely stuffed.

You visited 1 branch of the dungeon, and saw 4 of its levels.

You collected 125 gold pieces.

Inventory:

Hand Weapons
 a - a +1 hand crossbow
 b - a +0 short sword
 h - a +2 dagger of flaming (weapon)
Missiles
 d - 14 bolts
Armour
 c - a +1 leather armour (worn)
 j - a +0 helmet
 o - a cursed -2 pair of boots
Jewellery
 g - a cursed ring of teleportation {unknown}
 n - an uncursed ring of resist corrosion {unknown}
Scrolls
 e - a scroll of enchant armour
 l - a scroll of recharging
Potions
 k - a potion of brilliance {unknown}
 m - 2 potions of ambrosia {unknown}
Comestibles
 f - 2 meat rations
 i - 3 chunks of flesh
 p - 2 royal jellies


   Skills:
 - Level 2.1 Fighting
 * Level 8.9 Short Blades
 - Level 4.8 Crossbows
 - Level 2.4 Dodging
 + Level 6.8 Stealth


You had 7 spell levels left.
You didn't know any spells.

Dungeon Overview and Level Annotations

Branches:
Dungeon (4/15)
 Temple: D:4-7

Altars:
Qazlal


Innate Abilities, Weirdness & Mutations

You are small and have problems with some larger weapons.
You are carnivorous and can eat meat at any time.


Message History

The ogre is lightly wounded.
Firing (i - inventory):
d - 16 bolts (quivered)
Press: ? - help, Shift-Dir - straight line, f/p - ogre
Aim: an ogre, wielding a giant club (lightly wounded)
You shoot a bolt. The bolt hits the ogre!
The ogre is moderately wounded.
Firing (i - inventory):
d - 15 bolts (quivered)
Press: ? - help, Shift-Dir - straight line, f/p - ogre
Aim: an ogre, wielding a giant club (moderately wounded)
You shoot a bolt. The bolt hits the ogre!
The ogre is severely wounded.
Wield which item (- for none, * to show all)? (? for menu, Esc to quit)
Your +2 dagger of flaming bursts into flame!
h - a +2 dagger of flaming (weapon)
The ogre hits you with a giant club!!
Ouch! That really hurt!
* * * LOW HITPOINT WARNING * * *
You hear a shout!
The ogre hits you with a giant club!
You die...

#..# #....#
.......#######.###....###########
....h............'....'..........
.......#######..##....###########
....... ##.####.##
.......########.## #.#######
..........((((...# #.#.....##
........#######O.# #.#......#####
........#.......@# #.#...........
#.#.#.#.#.####.#.###.#......#####
#.#.#.#.#.##....<....######.#####
#.#.#.#.#....#.#.....# #......
..#.#.#.######.#.....# #######
..#............#.....#
..(....#########.....#
.#.....#####...#)#'#.#
#..)......#...#.#.#.#


You could see an ogre.

Vanquished Creatures
  Menkaure (D:4)
  2 ogres
  A bullfrog (D:3)
  A scorpion (D:4)
  A hound (D:4)
  A centaur skeleton (D:4)
  3 orc wizards
  2 orc priests (D:3)
  Robin (D:2)
  4 adders
  A worm (D:3)
  A dart slug (D:3)
  4 leopard geckos
  13 orcs
  2 ball pythons
  6 bats
  4 giant cockroaches
  14 goblins
  10 hobgoblins
  4 jackals (D:1)
  7 kobolds
  A quokka (D:3)
  4 frilled lizards
  7 rats
95 creatures vanquished.

Notes
Turn   | Place    | Note
-------+----------+-------------------------------------------
     0 | D:1      | Egregious the Kobold Hunter began the quest for the Orb.
     0 | D:1      | Reached XP level 1. HP: 12/12 MP: 1/1
   116 | D:1      | Reached skill level 1 in Short Blades
   294 | D:1      | Reached XP level 2. HP: 17/17 MP: 2/2
   830 | D:1      | Reached skill level 2 in Short Blades
  1374 | D:1      | Reached XP level 3. HP: 19/21 MP: 3/3
  1656 | D:2      | Noticed Robin
  1764 | D:2      | Killed Robin
  1764 | D:2      | Reached skill level 3 in Short Blades
  1796 | D:2      | Reached XP level 4. HP: 26/26 MP: 4/4
  2517 | D:3      | Reached skill level 4 in Short Blades
  2517 | D:3      | Reached XP level 5. HP: 30/30 MP: 5/5
  2746 | D:3      | Reached skill level 5 in Short Blades
  2792 | D:3      | Noticed a bullfrog
  2863 | D:3      | Reached XP level 6. HP: 9/35 MP: 6/6
  3320 | D:3      | Found a stormy altar of Qazlal.
  3487 | D:3      | Reached skill level 6 in Short Blades
  3487 | D:3      | Reached skill level 5 in Stealth
  3662 | D:4      | Noticed an ogre
  4214 | D:4      | Reached XP level 7. HP: 40/40 MP: 7/7
  4223 | D:4      | Reached skill level 7 in Short Blades
  4331 | D:4      | Noticed Menkaure
  4494 | D:4      | Reached skill level 8 in Short Blades
  4590 | D:4      | Killed Menkaure
  4590 | D:4      | Reached XP level 8. HP: 38/44 MP: 8/8
  4606 | D:4      | Slain by an ogre

Vault maps used:
D:1:      lightli_arrival_flooded_house
D:2:      uniq_robin
D:3:      nicolae_qazlal_general_emergency
D:4:      first_bread, nrook_loot_triangle, uniq_menkaure

Skill      XL: |  1  2  3  4  5  6  7 |
---------------+----------------------+-----
Short Blades   | 1 2 3 4 5 6 8 |  8.9
Stealth        | 2 3 4 5 6 |  6.8
Fighting       | |  2.1
Crossbows      | |  4.8
Dodging        | |  2.4

Action                   |  1- 3 |  4- 6 |  7- 9 || total
-------------------------+-------+-------+-------++-------
Melee: Short sword       |   174 |     3 |       ||   177
       Dagger            |       |   209 |    58 ||   267
 Fire: Hand crossbow     |     2 |     2 |    14 ||    18
  Use: Scroll            |     5 |     2 |       ||     7
       Potion            |       |     1 |       ||     1
 Stab: Sleeping          |     1 |     5 |     1 ||     7
       Distracted        |       |       |     1 ||     1
  Eat: Chunk             |     8 |     9 |     3 ||    20
Armor: Leather armour    |    27 |    31 |     6 ||    64
       Skin              |       |     4 |       ||     4
Dodge: Dodged            |   106 |   127 |    20 ||   253
